 Dungeon Crawl Stone Soup version 0.18.1-6-gd335043 (webtiles) character file.

4437 Herrn the Blocker (level 10, -5/76 HPs)
             Began as a Formicid Fighter on May 17, 2016.
             Slain by an orc warrior
             ... wielding a +0 dire flail
              (13 damage)
             ... on level 7 of the Dungeon.
             The game lasted 00:19:40 (8612 turns).

Herrn the Blocker (Formicid Fighter)                Turns: 8612, Time: 00:19:41

Health: -5/76      AC:  6    Str: 25    XL:     10   Next: 63%
Magic:  11/11      EV: 12    Int:  9    God:
Gold:   333        SH: 11    Dex: 10    Spells: 0 memorised, 9 levels left

rFire  . . .     SeeInvis +     a - +0 war axe
rCold  . . .     Gourm    .     v - +2 scale mail {MR+}
rNeg   + . .     Faith    .     c - +0 shield
rPois  .         Spirit   .     (helmet unavailable)
rElec  .         Dismiss  .     (no cloak)
rCorr  .         Reflect  .     (no gloves)
SustAt .         Harm     .     p - +0 pair of boots
MR     +++..                    (no amulet)
Stlth  ..........               (no ring)
                                m - ring of positive energy

@: corroded, drained, extremely resistant to hostile enchantments, extremely
unstealthy
A: permanent stasis, dig shafts and tunnels, four strong arms, antennae 3,
clever 1, magic resistance 1, wild magic 1
a: Dig, Shaft Self


You were on level 7 of the Dungeon.
You were hungry.

You visited 1 branch of the dungeon, and saw 10 of its levels.
You also visited: Sewer.

You collected 463 gold pieces.
You spent 130 gold pieces at shops.

Inventory:

Hand Weapons
 a - a +0 war axe (weapon)
Armour
 b - a +0 scale mail
 c - a +0 shield (worn)
 d - a +0 chain mail
 p - a +0 pair of boots (worn)
 v - a +2 scale mail of magic resistance (worn)
 A - a +0 plate armour
Jewellery
 m - a ring of positive energy (left hand)
Wands
 k - a wand of polymorph (8/24)
 t - a wand of random effects (2/48)
 u - a wand of hasting (1/9)
 w - a wand of flame (17/48)
 B - a wand of slowing (17/48)
Scrolls
 e - 2 scrolls of fog {unknown}
 g - 3 scrolls of teleportation {unknown}
 j - 3 scrolls of fear
 l - 4 scrolls of enchant weapon
 o - 3 scrolls of magic mapping
 q - a scroll of remove curse
 s - a scroll of recharging {unknown}
 y - a scroll of immolation {unknown}
 z - a scroll of random uselessness {unknown}
Potions
 x - a potion of magic
Books
 n - a book of Power

   Spells                             Type                      Level
   a - Fulminant Prism                Conjuration/Hexes            4
   b - Iskenderun's Mystic Blast      Conjuration                  4
   c - Venom Bolt                     Conjuration/Poison           5
   d - Bolt of Magma                  Conjuration/Fire/Earth       5
   e - Iron Shot                      Conjuration/Earth            6
   f - Orb of Destruction             Conjuration                  7
   g - Spellforged Servitor           Conjuration/Summoning        7
Comestibles
 f - 4 bread rations
 h - 5 meat rations
 r - 3 fruits


   Skills:
 + Level 5.9(4.9) Fighting
 * Level 8.6(7.5) Axes
 + Level 6.3(5.3) Armour
 * Level 6.9(5.8) Dodging
 + Level 8.8(7.7) Shields
 - Level 1.4(0.5) Evocations


You had 9 spell levels left.
You didn't know any spells.

Dungeon Overview and Level Annotations

Branches:
Dungeon (10/15)
 Temple: D:4-7         Lair: D:8-11         Orc: D:9-12

Altars:
Ashenzari
Cheibriados
Dithmenos
Gozag
Nemelex Xobeh
Pakellas
Xom
Yredelemnul
Zin
The Shining One

Shops:
D:6 *?*([


Innate Abilities, Weirdness & Mutations

You are under a permanent stasis effect.
You can dig through walls and to a lower floor.
Your four strong arms can wield two-handed weapons with a shield.
You have a pair of large antennae on your head (SInv).
Your mind is acute. (Int +2)
You are resistant to hostile enchantments.
Your spells are a little harder to cast, but a little more powerful.


Message History

Unknown command.
Your scale mail prevents you from hitting the orc warrior.
The orc warrior is heavily wounded.
You hit the orc.
The orc is moderately wounded.
You block the orc's attack. You block the orc warrior's attack.
Unknown command.
You barely miss the orc warrior.
The orc warrior is heavily wounded.
You hit the orc but do no damage.
The orc is moderately wounded.
The orc closely misses you. You block the orc warrior's attack.
Unknown command.
You slash the orc warrior!
The orc warrior is severely wounded.
You barely miss the orc.
The orc is moderately wounded.
You block the orc's attack.
The orc warrior hits you with a dire flail!
You die...

#........# #.#.#
########........# #.#∩#
#...............###.#.#
#...>............##.#.#
#................##.#..
#......................
#... #.................
#....##.######......###
#.....@o# #.........
#......o.# #......###
#......#.# #.#.#..#..
........#..# #.#.#..#.#
..#.....(...# #.#.#..#.
# ########..# #..# ...
#..#.# ..# #..#..
#..###


You could see an orc warrior and an orc.

Vanquished Creatures
  Pikel (D:4)
  Joseph (D:7)
  Grinder (D:6)
  Eustachio (D:4)
  A hungry ghost (D:7)
  Menkaure (D:5)
  A water moccasin (D:7)
  Duvessa (D:7)
  An ice beast (D:7)
  2 sky beasts
  Purgy (Sewer)
  2 orc warriors
  A black bear (D:7)
  4 ogres
  A phantom (D:6)
  An eye of draining (D:7)
  A centaur (D:5)
  A big kobold (D:7)
  3 giant frogs (D:6)
  Dowan (D:7)
  A scorpion (D:7)
  2 howler monkeys
  3 jellies
  2 crimson imps
  3 orc priests
  A giant frog skeleton (D:7)
  4 hounds
  A centaur skeleton (D:6)
  2 iguanas (D:6)
  10 orc wizards
  Ijyb (D:3)
  6 worker ants
  A hound skeleton (D:5)
  Robin (D:3)
  4 gnolls
  A howler monkey skeleton (D:6)
  9 adders
  A shadow imp (D:5)
  An ooze (D:1)
  4 adder skeletons
  3 worms
  2 dart slugs
  7 giant geckos
  29 orcs
  11 bats
  5 giant cockroaches
  11 goblins
  15 hobgoblins
  3 jackals (D:6)
  19 kobolds
  5 quokkas
  6 ball pythons
  8 giant newts
  2 quokka zombies (D:6)
  16 rats
  A plant (D:6)
228 creatures vanquished.

Vanquished Creatures (others)
  An orc (D:4)
  A plant (D:6)
2 creatures vanquished.

Grand Total: 230 creatures vanquished

Notes
Turn   | Place    | Note
--------------------------------------------------------------
     0 | D:1      | Herrn the Formicid Fighter began the quest for the Orb.
     0 | D:1      | Reached XP level 1. HP: 18/18 MP: 1/1
   119 | D:1      | Reached XP level 2. HP: 23/24 MP: 2/2
   332 | D:1      | Reached XP level 3. HP: 24/29 MP: 3/3
   383 | D:1      | Reached skill level 1 in Dodging
   837 | D:2      | Reached XP level 4. HP: 18/37 MP: 4/4
  1499 | D:2      | Found a sparkling altar of Nemelex Xobeh.
  2033 | D:3      | Noticed Robin
  2040 | D:3      | Reached XP level 5. HP: 37/42 MP: 5/5
  2047 | D:3      | Killed Robin
  2394 | D:3      | Found a glowing silver altar of Zin.
  2488 | D:3      | Found a shimmering altar of Xom.
  2567 | D:3      | Noticed Ijyb
  2584 | D:3      | Reached skill level 5 in Shields
  2584 | D:3      | Reached XP level 6. HP: 42/48 MP: 6/6
  2600 | D:3      | Killed Ijyb
  2946 | D:4      | Found a glowing drain.
  2971 | Sewer    | Entered a sewer
  3021 | Sewer    | Noticed Purgy
  3029 | Sewer    | Killed Purgy
  3077 | Sewer    | Reached XP level 7. HP: 53/54 MP: 7/7
  3354 | D:4      | Found a shadowy altar of Dithmenos.
  3509 | D:4      | Noticed Eustachio
  3511 | D:4      | Noticed Pikel
  3537 | D:4      | Killed Pikel
  3537 | D:4      | Reached skill level 1 in Evocations
  3537 | D:4      | Reached XP level 8. HP: 46/61 MP: 8/8
  3544 | D:4      | Killed Eustachio
  3574 | D:4      | Found a glowing golden altar of the Shining One.
  3618 | D:4      | Found an oddly glowing altar of Pakellas.
  3649 | D:4      | Found a snail-covered altar of Cheibriados.
  3696 | D:4      | Found a shattered altar of Ashenzari.
  3802 | D:4      | Found a basalt altar of Yredelemnul.
  3940 | D:5      | Entered Level 5 of the Dungeon
  3953 | D:5      | Reached skill level 5 in Axes
  4067 | D:5      | Noticed Menkaure
  4074 | D:5      | Killed Menkaure
  4219 | D:5      | Reached skill level 5 in Fighting
  4219 | D:5      | Reached skill level 5 in Dodging
  4219 | D:5      | Reached XP level 9. HP: 46/68 MP: 10/10
  4806 | D:6      | Found Loran's Armour Boutique.
  4825 | D:6      | Noticed Grinder
  4862 | D:6      | Killed Grinder
  4862 | D:6      | Reached skill level 5 in Armour
  5434 | D:6      | Gained mutation: Your mind is acute. (Int +2) [potion of mutation]
  5434 | D:6      | Gained mutation: You are resistant to hostile enchantments. [potion of mutation]
  5434 | D:6      | Gained mutation: Your spells are a little harder to cast, but a little more powerful. [potion of mutation]
  5639 | D:6      | Found Umideph's General Store.
  6004 | D:6      | HP: 3/68 [electric eel/bolt of electricity (5)]
  6274 | D:6      | Found Avaepefa's Assorted Antiques.
  6283 | D:6      | Bought a scroll labeled NANAR LYES for 26 gold pieces
  6283 | D:6      | Bought a scroll labeled CAB AQOOPUNA for 26 gold pieces
  6283 | D:6      | Bought a scroll labeled MOHIJUSHR WAIZXOA for 26 gold pieces
  6283 | D:6      | Bought a scroll of identify for 52 gold pieces
  6440 | D:6      | Found Jofo's Magic Scroll Emporium.
  6514 | D:6      | Found Yfoch's Weapon Shoppe.
  6540 | D:6      | Reached XP level 10. HP: 74/74 MP: 11/11
  7062 | D:7      | Noticed Duvessa
  7064 | D:7      | Noticed Dowan
  7067 | D:7      | Killed Duvessa
  7095 | D:7      | Killed Dowan
  7258 | D:7      | Noticed Joseph
  7263 | D:7      | You are sucked into a shaft for 3 floors!
  7263 | D:10     | Entered Level 10 of the Dungeon
  7382 | D:7      | Found an opulent altar of Gozag.
  8237 | D:7      | Killed Joseph
  8612 | D:7      | Slain by an orc warrior

Skill      XL: |  1  2  3  4  5  6  7  8  9 10 |
---------------+-------------------------------+-----
Dodging        | 1 2 4 5 6 |  6.9
Shields        | 4 5 6 7 8 |  8.8
Axes           | 3 4 5 7 8 |  8.6
Fighting       | 4 5 |  5.9
Armour         | 4 5 6 |  6.3
Evocations     | 1 |  1.4

Action                   |  1- 3 |  4- 6 |  7- 9 | 10-12 || total
-------------------------+-------+-------+-------+-------++-------
Melee: War axe           |   109 |   235 |   381 |   250 ||   975
 Abil: Dig               |     1 |     7 |     3 |       ||    11
       Shaft Self        |       |       |       |     1 ||     1
Evoke: Wand              |       |       |     9 |       ||     9
  Use: Potion            |     1 |     1 |     9 |     1 ||    12
       Scroll            |       |       |     8 |       ||     8
 Stab: Invisible         |       |       |     5 |       ||     5
  Eat: Chunk             |       |     8 |    11 |     8 ||    27
       Pizza             |       |       |     1 |       ||     1
Armor: Scale mail        |    54 |   119 |    57 |    42 ||   272
       Chain mail        |       |       |    47 |    17 ||    64
Dodge: Dodged            |    65 |   100 |   139 |    72 ||   376
Block: Shield            |    71 |   169 |   230 |   136 ||   606
